 Dungeon Crawl Stone Soup version 0.26.1-11-gd32895ea62 (webtiles) character file.

Game seed: 4899606560922852580

44 Zeld the Sneak (level 3, -2/18 HPs)
             Began as a Spriggan Brigand on June 5, 2021.
             Slain by a gnoll
             ... wielding a +0 club
              (9 damage)
             ... on level 1 of the Dungeon.
             The game lasted 00:02:23 (1634 turns).

Zeld the Sneak (Spriggan Brigand)                   Turns: 1634, Time: 00:02:23

Health: -2/18      AC:  3    Str:  7    XL:     3   Next: 39%
Magic:  6/6        EV: 17    Int: 12    God:
Gold:   21         SH:  0    Dex: 18    Spells: 4/4 levels left

rFire    . . .     SeeInvis +   a - +2 dagger
rCold    . . .     Faith    .   (shield restricted)
rNeg     . . .     Spirit   .   b - +0 robe
rPois    .         Reflect  .   (helmet restricted)
rElec    .         Harm     .   c - +0 cloak
rCorr    .         Rampage  .   (gloves unavailable)
Will     .....                  (boots unavailable)
Stlth    +++.......             (no amulet)
HPRegen  0.06/turn              (no ring)
MPRegen  0.10/turn              (no ring)

@: very quick
A: very small, unfitting armour, see invisible, speed 3
a: no special abilities


You were on level 1 of the Dungeon.
You visited 1 branch of the dungeon, and saw 2 of its levels.

You collected 21 gold pieces.

Inventory:

Hand Weapons
 a - a +2 dagger (weapon)
Missiles
 d - 8 poisoned darts (quivered)
 e - 2 curare-tipped darts
Armour
 b - a +0 robe (worn)
 c - a +0 cloak (worn)
Scrolls
 f - a scroll of identify {unknown}
 g - 2 scrolls of teleportation {unknown}
 h - a scroll of enchant armour {unknown}
 j - a scroll of remove curse {unknown}
 k - a scroll of fog {unknown}
Potions
 i - a potion of curing {unknown}


   Skills:
 - Level 1.5 Fighting
 * Level 3.0 Short Blades
 * Level 2.6 Throwing
 - Level 1.5 Dodging
 + Level 6.3 Stealth
 + Level 1.3 Spellcasting


You had 4 spell levels left.
You didn't know any spells.
Your spell library was empty.

Dungeon Overview and Level Annotations

Branches:
Dungeon (2/15)

Altars:


Innate Abilities, Weirdness & Mutations

You are very small and have problems with some larger weapons.
You are too small for most types of armour.
You have supernaturally acute eyesight. (SInv)
You cover ground extremely quickly.


Message History

There is a stone staircase leading down here.
You hit the gnoll but do no damage. You hit the gnoll.
The gnoll is lightly wounded.
The gnoll completely misses you. The gnoll misses you.
You barely miss the gnoll.
The gnoll is lightly wounded.
The gnoll completely misses you. The gnoll barely misses you.
You hit the gnoll but do no damage.
The gnoll is lightly wounded.
The gnoll barely misses you. The gnoll misses you.
You completely miss the gnoll. The gnoll hits you. The gnoll barely misses you.
You hit the gnoll.
The gnoll is moderately wounded.
The gnoll barely misses you.
You barely miss the gnoll.
The gnoll is moderately wounded.
The gnoll hits you with a +0 club!
Ouch! That really hurt!
You die...

####.......#.....#
####.#
#####.####.....#
#... #......#
#.....# #..#
#.###..# #.....#
#†.# #.###..#
####### #...
#.##...# #.##
#.##.#.# #.#
#.##.#g# #.#
#....g@# ########
#.# ####.###
#...##.## #.#
#.#####.#.#...###.#
#......(..##......#
########.....######
#######


You could see 2 gnolls.

Vanquished Creatures
  An adder (D:2)
  3 leopard geckos (D:1)
  7 bats
  3 giant cockroaches (D:1)
  2 hobgoblins (D:1)
  3 jackals (D:1)
  3 kobolds (D:1)
  2 ball pythons (D:1)
  A frilled lizard (D:1)
  A goblin (D:1)
  6 rats
32 creatures vanquished.

Vanquished Creatures (others)
  5 plants (D:1)
5 creatures vanquished.

Grand Total: 37 creatures vanquished

Notes
Turn   | Place    | Note
-------+----------+-------------------------------------------
     0 | D:1      | Zeld the Spriggan Brigand began the quest for the Orb.
     0 | D:1      | Reached XP level 1. HP: 10/10 MP: 2/2
   376 | D:1      | Reached XP level 2. HP: 14/14 MP: 3/3
   382 | D:1      | Reached skill level 6 in Stealth
   752 | D:1      | Reached skill level 1 in Spellcasting
  1054 | D:1      | Reached XP level 3. HP: 17/18 MP: 5/5
  1557 | D:2      | Found a faded altar of an unknown god.
  1634 | D:1      | Slain by a gnoll

Illustrated notes

Levels and vault maps discovered:
D:1:      ncdulo_watergridlock, layout_loops_cross, serial_forest,
          infiniplex_forest_straight_4, infiniplex_forest_clump_curved,
          infiniplex_forest_fountain, infiniplex_forest_zigzag_2,
          infiniplex_forest_lined_4_way, infiniplex_forest_end_1,
          infiniplex_forest_clump_diagonal, minivault_24
D:2:      layout_loops_ring, chequers_ecumenical_altar_simple

Skill      XL: |  1  2  3 |
---------------+----------+-----
Stealth        | 6 |  6.3
Spellcasting   | 1 |  1.3
Short Blades   | 3 |  3.0
Fighting       | |  1.5
Throwing       | |  2.6
Dodging        | |  1.5

Action                   || total
-------------------------++-------
Melee: Dagger            ||   118
 Stab: Sleeping          ||     8
Armor: Robe              ||    17
Dodge: Dodged            ||    94
